 Dungeon Crawl Stone Soup version 0.28-a0-1159-g27aa881441 (webtiles) character file.

Game seed: 8679662196443609522

21 fragbeetle the Ruffian (level 2, -3/23 HPs)
             Began as a Draconian Transmuter on Dec 15, 2021.
             Slain by Grinder (4 damage)
             ... on level 3 of the Dungeon.
             The game lasted 00:03:20 (1365 turns).

fragbeetle the Ruffian (Draconian Transmuter)       Turns: 1365, Time: 00:03:20

Health: -3/23      AC:  4    Str: 10    XL:     2   Next: 65%
Magic:  5/5        EV: 12    Int: 13    God:
Gold:   97         SH:  0    Dex: 11    Spells: 4/5 levels left

rFire   . . .      SeeInvis .     - Unarmed
rCold   . . .      Faith    .   (no shield)
rNeg    . . .      Spirit   .   (armour unavailable)
rPois   .          Reflect  .   (helmet restricted)
rElec   .          Harm     .   (no cloak)
rCorr   .          Rampage  .   (no gloves)
Will    .....                   (no boots)
Stlth   +.........              (no amulet)
HPRegen 0.07/turn               (no ring)
MPRegen 0.09/turn               (no ring)

@: no status effects
A: AC +4, unfitting armour, cold-blooded, horns 1, weak 1
a: no special abilities


You were on level 3 of the Dungeon.
You visited 1 branch of the dungeon, and saw 3 of its levels.

You collected 97 gold pieces.

Inventory:

Scrolls
 c - a scroll of torment {unknown}
 d - a scroll of identify {unknown}
Potions
 a - a potion of mutation
 b - a potion of curing {unknown}
 e - a potion of attraction {unknown}


   Skills:
 - Level 1.1 Fighting
 - Level 1.7 Dodging
 + Level 3.5 Unarmed Combat
 - Level 2.0 Spellcasting
 + Level 2.7 Transmutations


You had 4 spell levels left.
You knew the following spells:

 Your Spells              Type           Power      Damage    Failure   Level
a - Beastly Appendage     Tmut           16%        N/A       9%          1

Your spell library contained the following spells:

 Spells                   Type           Power      Damage    Failure   Level
 Wereblood                Tmut           8%         N/A       13%         2
 Passwall                 Tmut/Erth      3%         N/A       22%         2
 Apportation              Tloc           2%         N/A       26%         1
 Spider Form              Tmut/Pois      4%         N/A       41%         3
 Swiftness                Air            1%         N/A       58%         3
 Ice Form                 Ice/Tmut       4%         N/A       82%         4
 Alistair's Intoxication  Tmut/Pois      2%         N/A       99%         5


Dungeon Overview and Level Annotations

Branches:
Dungeon (3/15)

Altars:

Shops:
D:2 (

Annotations:
D:3 Grinder


Innate Abilities, Weirdness & Mutations

Your plain brown scales are hard. (AC +4)
You cannot fit into any form of body armour.
You are cold-blooded and may be slowed by cold attacks.
You have a pair of small horns on your head.
You are weak. (Str -2)


Message History

You closely miss Grinder.
Grinder is lightly wounded.
Grinder closely misses you.
You barely miss Grinder. You claw Grinder, but do no damage.
You headbutt Grinder. You tail-slap Grinder.
Grinder is moderately wounded.
Grinder hits you but does no damage.
You closely miss Grinder.
Grinder is moderately wounded.
Your transformation is almost over.
Grinder hits you!
You barely miss Grinder. Your kick misses Grinder.
Grinder is moderately wounded.
Grinder hits you but does no damage.
You barely miss Grinder. Your kick misses Grinder.
Grinder is moderately wounded.
Grinder blinks!
You aren't carrying any items that you can evoke.
It was a potion of mutation.
You feel extremely strange. The horns on your head grow some more.
You feel weaker.
You closely miss Grinder. You claw Grinder.
Grinder is moderately wounded.
The goblin hits you with a +0 dagger.
Grinder says, "Don't move a muscle."
Grinder blinks!
You barely miss the goblin. The goblin hits you but does no damage.
You hit the goblin but do no damage. Your kick misses the goblin.
Your tail-slap misses the goblin.
The goblin completely misses you.
You hit the goblin. Your kick misses the goblin. You tail-slap the goblin.
The goblin is severely wounded.
The goblin hits you with a +0 dagger.
You hit the goblin.
You kill the goblin!
Your horns shrink.
Your talons disappear.
You hit Grinder.
Grinder is heavily wounded.
Grinder hits you!
* * * LOW HITPOINT WARNING * * *
You writhe in agony.
You die...

######### #####
#.......###...# #
#....$#.#.#..#
#..#..@#..#..#.########
#...#.#5..#...#........
................########
#.#...#...#....## ..
..#..#..#...#.# ..
....#.#.#....#.### .....
##........... ## #
#######.#### ### ....
...


You could see Grinder.

Vanquished Creatures
  A ball python (D:1)
  A giant cockroach (D:2)
  2 goblins
  4 hobgoblins
  3 quokkas (D:1)
  4 bats
  A kobold (D:2)
  3 rats
19 creatures vanquished.

Vanquished Creatures (others)
  2 plants (D:3)
  5 toadstools (D:1)
7 creatures vanquished.

Grand Total: 26 creatures vanquished

Notes
Turn   | Place    | Note
-------+----------+-------------------------------------------
     0 | D:1      | fragbeetle the Draconian Transmuter began the quest for the
                  | Orb.
     0 | D:1      | Reached XP level 1. HP: 16/16 MP: 3/3
   248 | D:1      | Reached XP level 2. HP: 20/23 MP: 5/5
   955 | D:2      | Found a faded altar of an unknown god.
  1008 | D:2      | Found Dukiob's Weapon Emporium.
  1348 | D:3      | Noticed Grinder
  1358 | D:3      | Gained mutation: You have a pair of large horns on your
                  | head. [potion of mutation]
  1358 | D:3      | Gained mutation: You are weak. (Str -2) [potion of
                  | mutation]
  1365 | D:3      | HP: 1/23 [Grinder (7)]
  1365 | D:3      | Slain by Grinder

Illustrated notes

Levels and vault maps discovered:
D:1:      ldierk_walled_garden, layout_basic,
          hangedman_abyss_or_decor_lesser_grid
D:2:      layout_rooms, serial_shops, nicolae_shop_bloodbath_and_beyond,
          shapermc_ecumenical_altar_starsandcircs
D:3:      layout_basic, chequers_big_river, hangedman_decor_diamond_cutter,
          lemuel_flame_loot_1, uniq_ijyb, uniq_grinder

Action                   || total
-------------------------++-------
Melee: Unarmed           ||    56
       Tailslap          ||     7
       Kick              ||     9
       Headbutt          ||     7
 Cast: Beastly Appendage ||    17
  Use: Potion            ||     1
 Stab: Sleeping          ||     1
Armor: Skin              ||    16
Dodge: Dodged            ||    30

Table legend: (Time is in decaauts)
 A = Elapsed time spent in this place.
 B = Non-inter-level travel time spent in this place.
 C = Inter-level travel time spent in this place.
 D = Time resting spent in this place.
 E = Time spent auto-exploring this place.
 F = Levels seen in this place.
 G = Mean time per level.
                   A        B        C        D        E       F      G
               +--------+--------+--------+--------+--------+-----+--------+
         Total |   1363 |   1363 |      0 |      0 |   1048 |   3 |  454.3 |
       Dungeon |   1363 |   1363 |      0 |      0 |   1048 |   3 |  454.3 |
               +--------+--------+--------+--------+--------+-----+--------+

Top non-repeatable levels by time:
     D:1: 718 daAuts
     D:2: 514 daAuts
     D:3: 129 daAuts
